 Dungeon Sprint DCSS version 0.22.1-1-ga44c0e56f4 (webtiles) character file.

130 KleinerIrrer the Martial Artist (level 5, -2/33 HPs)
             Began as an Octopode Transmuter on Nov 3, 2018.
             Slain by a deep elf mage
             ... wielding a +0 long sword of holy wrath
              (8 damage)
             ... in the Dungeon (Sprint III: "The Ten Rune Challenge").
             The game lasted 00:02:28 (473 turns).

KleinerIrrer the Martial Artist (OpTm)               Turns: 473, Time: 00:02:29

Health: -2/33      AC:  2    Str: 11    XL:     5   Next: 13%
Magic:  6/9        EV: 14    Int: 16    God:
Gold:   33         SH:  4    Dex: 13    Spells: 6/9 levels left

rFire    . . .     SeeInvis .     - Unarmed
rCold    . . .     Gourm    .   (no shield)
rNeg     . . .     Faith    .   (helmet restricted)
rPois    .         Spirit   .   (no amulet)
rElec    .         Reflect  .   (no ring)
rCorr    .         Harm     .   (no ring)
MR       .....     NoTele   +   (no ring)
Stlth    +++.......             (no ring)
HPRegen  0.51/turn              (no ring)
MPRegen  0.11/turn              (no ring)
                                (no ring)
                                (no ring)

@: appendage, very slightly contaminated
A: almost no armour, stealthy swim, amphibious, 8 rings, constrict 8, tentacle
spike 3, large bone plates 1, rugged brown scales 1, camouflage 1, regeneration
1, strong 1, gelatinous body 1
a: End Transformation


You were in the Dungeon.
You were not hungry.
One of your tentacles had a temporary spike.
You visited 1 branch You collected 33 gold pieces.

Inventory:

Missiles
 a - 21 arrows
Scrolls
 i - a scroll of blinking
 k - a scroll of torment
 l - 3 scrolls of remove curse
 n - a scroll of immolation {unknown}
Potions
 d - a potion of curing
 e - a potion of heal wounds
 f - a potion of haste
 g - 2 potions of magic
 h - a potion of berserk rage
 j - 4 potions of mutation
 m - 3 potions of flight
Comestibles
 c - 3 rations


   Skills:
 - Level 1.0 Fighting
 - Level 3.0 Dodging
 - Level 1.3 Stealth
 + Level 8.5 Unarmed Combat
 - Level 2.7 Spellcasting
 + Level 4.7 Transmutations


You had 6 spell levels left.
You knew the following spells:

 Your Spells              Type           Power        Failure   Level  Hunger
a - Beastly Appendage     Tmut           ###...       2%          1    #......
b - Sticks to Snakes      Tmut           ###.....     4%          2    ##.....

Your spell library contained the following spells:

 Spells                   Type           Power        Failure   Level  Hunger
 Spider Form              Tmut/Pois      #.........   22%         3    ###....
 Ice Form                 Ice/Tmut       #.......     58%         4    #####..
 Blade Hands              Tmut           ###.......   58%         5    ######.


Dungeon Overview and Level Annotations

Branches:
Dungeon (1/1)

Altars:
Elyvilon
Zin
The Shining One


Innate Abilities, Weirdness & Mutations

You cannot wear most types of armour.
You are very stealthy in the water. (Stealth+)
You are amphibious.
You can wear up to eight rings at the same time.
You can use your tentacles to constrict eight enemies at once.
Your skin changes colour to match your surroundings (Stealth+).
Your rubbery body absorbs attacks. (AC +1, EV +1)
One of your tentacles bears a large vicious spike.
You are partially covered in large bone plates. (SH +4)
You are partially covered in rugged brown scales. (AC +1, +3% HP)
Your natural rate of healing is unusually fast.
Your muscles are strong. (Str +2)


Message History

The deep elf mage blinks free!
You swap places.
The deep elf mage casts a spell at you.
The bolt of lightning hits your ball python.
Your ball python dies!
The bolt of lightning misses you.
The bolt of lightning misses your ball python.
There is an open door here.
The deep elf mage casts a spell at you. The bolt of lightning hits you!
Ouch! That really hurt!
* * * LOW HITPOINT WARNING * * *
There is an open door here.
You close the door.
Casting: Sticks to Snakes (safe; 4% risk of failure)
Confirm with . or Enter, or press ? or * to list all spells.
One of your tentacles grows a vicious spike.
A deep elf mage opens the door.
The deep elf mage hits you with a long sword of holy wrath!
You die...

▓▓▓▓▓▓ ▓▓▓ .'...♣♣♣♣
♣.##### .#..†.♣.♣
♣♣.#___# ##......♣
♣..#...#
.#....≈.♣♣♣..###@#+###+##
.#...≈≈...♣♣.#..e.......#
.#..≈≈≈≈♣♣.♣.'.⌠........#
'#..≈≈≈≈≈≈♣..#...######+#
.#.≈≈≈≈≈≈....#.⌠.#
.#.≈≈≈≈≈.....#...#
.#.≈≈≈.......#+###
##...........#
.............#


You could see a deep elf mage.

Vanquished Creatures
  A water elemental (D)
  A scorpion (D)
  A human (D)
  An ooze (D)
  3 rats (D)
7 creatures vanquished.

Vanquished Creatures (others)
  2 draconian scorchers (D)
  6 hellions (D)
  A yaktaur (D)
9 creatures vanquished.

Grand Total: 16 creatures vanquished

Notes
Turn   | Place    | Note
-------+----------+-------------------------------------------
     0 | D        | KleinerIrrer the Octopode Transmuter began the quest for
                  | the Orb.
     0 | D        | Reached XP level 1. HP: 13/13 MP: 3/3
    71 | D        | Killed a yaktaur
    97 | D        | Killed a hellion
    98 | D        | Killed a hellion
   102 | D        | Killed a hellion
   131 | D        | Reached XP level 2. HP: 18/18 MP: 5/5
   139 | D        | Killed a hellion
   153 | D        | Killed a hellion
   154 | D        | Killed a hellion
   157 | D        | Learned a level 2 spell: Sticks to Snakes
   174 | D        | Reached skill level 1 in Stealth
   174 | D        | Reached skill level 4 in Unarmed Combat
   196 | D        | Killed a white draconian scorcher
   269 | D        | Killed a white draconian scorcher
   299 | D        | Noticed a scorpion
   308 | D        | Killed a scorpion
   308 | D        | Reached skill level 6 in Unarmed Combat
   308 | D        | Reached XP level 3. HP: 23/23 MP: 7/7
   308 | D        | Reached XP level 4. HP: 28/28 MP: 8/8
   323 | D        | Gained mutation: Your muscles are strong. (Str +2) [potion
                  | of mutation]
   323 | D        | Gained mutation: You are partially covered in large bone
                  | plates. (SH +4) [potion of mutation]
   323 | D        | Gained mutation: You are partially covered in rugged brown
                  | scales. (AC +1, +3% HP) [potion of mutation]
   323 | D        | Gained mutation: Your natural rate of healing is unusually
                  | fast. [potion of mutation]
   336 | D        | Noticed a water elemental
   401 | D        | Killed a water elemental
   401 | D        | Reached skill level 8 in Unarmed Combat
   401 | D        | Reached XP level 5. HP: 23/33 MP: 4/9
   460 | D        | Found a glowing silver altar of Zin.
   460 | D        | Found a glowing golden altar of the Shining One.
   460 | D        | Found a white marble altar of Elyvilon.
   460 | D        | Noticed a deep elf mage
   473 | D        | Slain by a deep elf mage

Skill      XL: |  1  2  3  4 |
---------------+-------------+-----
Dodging        | 3 |  3.0
Stealth        | 1 |  1.3
Unarmed Combat | 6 8 |  8.5
Transmutations | 3 4 |  4.7
Fighting       | |  1.0
Spellcasting   | |  2.7

Action                   |  1- 3 |  4- 6 || total
-------------------------+-------+-------++-------
Melee: Unarmed           |    19 |    10 ||    29
       Tentacles         |     5 |     3 ||     8
       Constrict         |     2 |     2 ||     4
       Punch             |     2 |       ||     2
       Kick              |       |     1 ||     1
 Cast: Sticks to Snakes  |     2 |     4 ||     6
       Beastly Appendage |       |     2 ||     2
  Use: Scroll            |       |     2 ||     2
       Potion            |       |     1 ||     1
 Stab: Sleeping          |     3 |     1 ||     4
Armor: Skin              |     1 |       ||     1
Dodge: Dodged            |    10 |     4 ||    14
Block: Other             |       |     1 ||     1
